 Dungeon Crawl Stone Soup version 0.29-a0-283-ga02f740833 (webtiles) character file.

Game seed: 12314942900637381316

2439 Anunax the Conjurer (level 9, -3/83 HPs)
             Began as a Troll Conjurer on Mar 13, 2022.
             Slain by a wyvern (13 damage)
             ... on level 7 of the Dungeon.
             The game lasted 00:27:16 (8031 turns).

Anunax the Conjurer (Troll Conjurer)                Turns: 8031, Time: 00:27:17

Health: -3/83      AC:  4    Str: 17    XL:     9   Next: 25%
Magic:  11/13      EV: 10    Int: 28    God:
Gold:   314        SH:  0    Dex: 10    Spells: 14/15 levels left

rFire   . . .      SeeInvis +   q - +7 hand axe "Acloeclu" {vorpal, rPois rC+ Int+6}
rCold   + + .      Faith    .   (no shield)
rNeg    . . .      Spirit   .   a - +0 robe
rPois   +          Reflect  .   (helmet restricted)
rElec   .          Harm     .   (no cloak)
rCorr   +          Rampage  .   (gloves unavailable)
Will    .....                   (boots unavailable)
Stlth   ++........              (no amulet)
HPRegen 1.03/turn               d - ring of see invisible
MPRegen 0.13/turn               F - ring of Mysticism {rPois rC+ rCorr Int+6}

@: no status effects
A: large, unfitting armour, claws 3, regeneration 1, shaggy fur 1, tough skin 1
a: no special abilities


You were on level 7 of the Dungeon.
You visited 1 branch of the dungeon, and saw 7 of its levels.
You also visited: Ossuary.

You collected 374 gold pieces.
You spent 60 gold pieces at shops.

Inventory:

Hand Weapons
 b - a +3 scythe of freezing
 f - a +1 quarterstaff
 q - the +7 hand axe "Acloeclu" (weapon) {vorpal, rPois rC+ Int+6}
   (You found it on level 3 of the Dungeon)

   It inflicts extra damage upon your enemies.
   Int:       It affects your intelligence (+6).
   rC:        It protects you from cold.
   rPois:     It protects you from poison.
 r - a +1 short sword of venom
 v - a +0 falchion of freezing
Armour
 a - a +0 robe (worn)
Jewellery
 d - a ring of see invisible (left claw)
 D - a ring of flight
 E - a ring of fire
 F - the ring of Mysticism (right claw) {rPois rC+ rCorr Int+6}
   (You found it on level 7 of the Dungeon)

   [ring of intelligence]

   Int:       It affects your intelligence (+6).
   rC:        It protects you from cold.
   rPois:     It protects you from poison.
   rCorr:     It protects you from acid and corrosion.
Wands
 e - a wand of polymorph (5)
 y - a wand of iceblast (12)
Scrolls
 g - 2 scrolls of fog
 j - 2 scrolls of vulnerability {unknown}
 l - 3 scrolls of enchant armour {unknown}
 m - 3 scrolls of teleportation {unknown}
 p - 2 scrolls of magic mapping {unknown}
 s - a scroll of torment {unknown}
 w - a scroll of fear {unknown}
 x - a scroll of immolation {unknown}
 z - a scroll of enchant weapon
 C - 3 scrolls of noise {unknown}
Potions
 c - 5 potions of flight
 h - a potion of lignification
 i - 5 potions of curing
 k - 5 potions of heal wounds
 n - a potion of brilliance
 o - 2 potions of attraction
 t - a potion of cancellation {unknown}
 u - a potion of ambrosia {unknown}
 A - a potion of degeneration {unknown}
 B - a potion of haste


   Skills:
 + Level 3.6 Fighting
 + Level 4.7 Axes
 + Level 1.7 Staves
 + Level 4.1 Dodging
 + Level 1.8 Stealth
 + Level 1.1 Unarmed Combat
 + Level 3.8 Spellcasting
 + Level 5.1 Conjurations


You had 14 spell levels left.
You knew the following spells:

 Your Spells              Type           Power      Damage    Failure   Level
a - Magic Dart            Conj           100%       1d8       1%          1

Your spell library contained the following spells:

 Spells                   Type           Power      Damage    Failure   Level
 Searing Ray              Conj           68%        2d6       1%          2
 Dazzling Flash           Conj/Hex       38%        N/A       8%          3
 Mephitic Cloud           Conj/Pois/Air  14%        N/A       12%         3
 Ignite Poison            Fire/Tmut/Pois 5%         N/A       22%         3
 Fulminant Prism          Conj/Hex       9%         3d7       26%         4
 Iskenderun's Mystic Bla  Conj/Tloc      19%        2d6       26%         4
 Freezing Cloud           Conj/Ice/Air   7%         6-21      71%         5


Dungeon Overview and Level Annotations

Branches:
Dungeon (7/15)             Temple (0/1) D:4         Ossuary (visited)

Altars:
Cheibriados
Gozag
Hepliaklqana
Uskayaw

Shops:
D:6 !


Innate Abilities, Weirdness & Mutations

You are too large for most types of armour.
You have claws for hands.
Your natural rate of healing is unusually fast.
You are covered in fur. (AC +1)
You have tough skin. (AC +1)


Message History

Confirm with . or Enter, or press ? or * to list all spells.
Aiming: Magic Dart (safe; 1% risk of failure)
Press: ? - help, Shift-Dir - straight line, f/p - wyvern
Aim: a wyvern (lightly wounded, 100% to hit)
The magic dart hits the wyvern but does no damage.
The wyvern is lightly wounded.
The wyvern hisses menacingly.
Casting: Magic Dart (safe; 1% risk of failure)
Confirm with . or Enter, or press ? or * to list all spells.
Aiming: Magic Dart (safe; 1% risk of failure)
Press: ? - help, Shift-Dir - straight line, f/p - wyvern
Aim: a wyvern (lightly wounded, 100% to hit)
The magic dart hits the wyvern.
The wyvern is lightly wounded.
You barely miss the wyvern.
The wyvern is lightly wounded.
The wyvern bites you!
You closely miss the wyvern.
The wyvern is lightly wounded.
The wyvern bites you but does no damage.
The wyvern bites you!
You hit the wyvern but do no damage.
The wyvern is lightly wounded.
The wyvern bites you! x2
You barely miss the wyvern.
The wyvern is lightly wounded.
The wyvern bites you but does no damage.
You slash the wyvern!
The wyvern is heavily wounded.
The wyvern misses you. The wyvern bites you!
You hit the wyvern.
The wyvern is severely wounded.
The wyvern bites you!
* * * LOW HITPOINT WARNING * * *
You closely miss the wyvern.
The wyvern is severely wounded.
The wyvern bites you.
* * * LOW HITPOINT WARNING * * *
The wyvern bites you!
You die...

##.###.####....# .# ....
##.###.####..#.#
.....).......#.#
#.##.###.##.....
............#..### ..
#.#.##.#.##.#..#.## ....
#........##.#..#..#.....
.....#.#....##.#..#.....
#......#.##.##..@l......
.....#...##.##>)........
##.#.#.#.##.###.........
.......#....# #......#..
#.##.#.#.##.# #......# #
.........##.###......#
###.##.#.##..........#
#. #.#.##..######### .
........#


You could see a wyvern.

Vanquished Creatures
  Pikel (D:6)
  Sigmund (D:6)
  A shadow (D:6)
  Menkaure (Ossuary)
  A black bear (D:5)
  A centaur (D:5)
  A lemure (D:6)
  2 phantoms
  Blork the orc (D:6)
  A kobold brigand (D:7)
  2 bullfrogs
  3 scorpions
  A necrophage (D:6)
  2 howler monkeys (D:5)
  2 hounds (D:6)
  An orc priest (D:6)
  2 gnoll shamans
  3 iguanas
  Ijyb (D:3)
  5 orc wizards
  3 mummies (Ossuary)
  4 gnolls (D:4)
  9 adders
  A white imp (D:6)
  A dart slug (D:4)
  19 orcs
  4 endoplasms
  8 giant cockroaches
  7 gnoll zombies (Ossuary)
  5 goblins
  8 hobgoblins
  3 jackals (D:1)
  5 kobolds
  3 quokkas
  10 ball pythons
  6 bats
  4 frilled lizards
  4 gnoll skeletons (Ossuary)
  4 goblin skeletons (Ossuary)
  3 goblin zombies (Ossuary)
  3 hobgoblin skeletons (Ossuary)
  2 hobgoblin zombies (Ossuary)
  9 kobold skeletons (Ossuary)
  5 kobold zombies (Ossuary)
  2 orc skeletons (Ossuary)
  5 orc zombies (Ossuary)
  5 rats
  3 rat skeletons (Ossuary)
  3 rat zombies (Ossuary)
181 creatures vanquished.

Vanquished Creatures (others)
  An orc (D:6)
  19 plants (D:4)
20 creatures vanquished.

Grand Total: 201 creatures vanquished

Notes
Turn   | Place    | Note
-------+----------+-------------------------------------------
     0 | D:1      | Anunax the Troll Conjurer began the quest for the Orb.
     0 | D:1      | Reached XP level 1. HP: 16/16 MP: 1/1
    82 | D:1      | Reached skill level 3 in Conjurations
   193 | D:1      | Reached XP level 2. HP: 24/24 MP: 0/2
   856 | D:1      | Reached XP level 3. HP: 31/31 MP: 0/4
  1380 | D:2      | You fall into a shaft and drop 2 floors!
  1389 | D:4      | Reached skill level 1 in Unarmed Combat
  1412 | D:4      | Found a snail-covered altar of Cheibriados.
  1423 | D:4      | Found a staircase to the Ecumenical Temple.
  1693 | D:3      | Found a faded altar of an unknown god.
  1899 | D:2      | Reached XP level 4. HP: 39/39 MP: 3/5
  2947 | D:3      | Identified the +7 hand axe "Acloeclu" {vorpal, rPois rC+
                  | Int+6}
  3059 | D:4      | Noticed Ijyb
  3069 | D:3      | Killed Ijyb
  3070 | D:3      | Reached skill level 1 in Staves
  3070 | D:3      | Reached XP level 5. HP: 36/45 MP: 2/6
  3131 | D:4      | Found a hide-covered altar of Uskayaw.
  3474 | D:4      | HP: 2/46 [gnoll/+0 club (1)]
  3475 | D:4      | Reached XP level 6. HP: 3/54 MP: 1/7
  3758 | D:5      | Entered Level 5 of the Dungeon
  3849 | D:5      | Reached skill level 1 in Axes
  3880 | D:5      | Found a hazy altar of Hepliaklqana.
  4098 | D:5      | Reached skill level 1 in Fighting
  4351 | D:5      | Reached skill level 4 in Conjurations
  4351 | D:5      | Reached XP level 7. HP: 55/62 MP: 6/9
  4882 | D:6      | Noticed Sigmund
  4882 | D:6      | Noticed Blork the orc
  4888 | D:6      | Killed Sigmund
  4894 | D:6      | Killed Blork the orc
  4895 | D:6      | Reached XP level 8. HP: 56/74 MP: 3/10
  5185 | D:6      | Found Piraseni's Distillery.
  5189 | D:6      | Bought a potion of heal wounds for 60 gold pieces
  5242 | D:6      | Found an opulent altar of Gozag.
  5315 | D:6      | Found a sand-covered staircase.
  5375 | Ossuary  | Entered an ossuary
  6901 | Ossuary  | Noticed Menkaure
  6906 | Ossuary  | Killed Menkaure
  7141 | D:6      | Noticed Pikel
  7156 | D:6      | Killed Pikel
  7157 | D:6      | Reached XP level 9. HP: 24/83 MP: 7/13
  7476 | D:6      | Reached skill level 5 in Conjurations
  7794 | D:7      | Identified the ring of Mysticism {rPois rC+ rCorr Int+6}
  8031 | D:7      | Slain by a wyvern

Illustrated notes

Levels and vault maps discovered:
D:1:      zelgadis_glass_arrival_small, layout_basic, chequers_mini_garden
D:2:      layout_basic
D:3:      layout_basic, hellmonk_ecumenical_altar_prayer_group
D:4:      layout_rooms, mainiacjoe_overflow_catch_the_wave,
          minmay_temple_entry_grid, lemuel_old_faithful, uniq_ijyb
D:5:      layout_loops_ring, mainiacjoe_overflow_concentric_impassable,
          grunt_ministairs_8
D:6:      layout_basic, grunt_gozag_breadcrumbs, enter_ossuary_2, serial_shops,
          nicolae_shop_stone, dk_noncrumbling_2, uniq_sigmund, uniq_pikel,
          uniq_blork_the_orc
D:7:      layout_basic, mainiacjoe_overflow_boulevard, minmay_diced_spiral

Skill      XL: |  1  2  3  4  5  6  7  8  9 |
---------------+----------------------------+-----
Conjurations   | 3 4 5 |  5.1
Dodging        | 2 3 4 |  4.1
Unarmed Combat | 1 |  1.1
Staves         | 1 |  1.7
Spellcasting   | 2 3 |  3.8
Axes           | 2 3 4 |  4.7
Fighting       | 1 2 3 |  3.6
Stealth        | |  1.8

Action                   |  1- 3 |  4- 6 |  7- 9 || total
-------------------------+-------+-------+-------++-------
Melee: Unarmed           |    67 |       |       ||    67
       Quarterstaff      |    28 |    21 |       ||    49
       Hand axe          |       |    79 |   134 ||   213
       Punch             |       |     1 |     2 ||     3
 Cast: Magic Dart        |    66 |    87 |   224 ||   377
  Use: Scroll            |       |     3 |     4 ||     7
       Potion            |       |     2 |     1 ||     3
 Stab: Sleeping          |       |       |     1 ||     1
Armor: Robe              |    54 |    20 |    34 ||   108
Dodge: Dodged            |    65 |    57 |    59 ||   181

Table legend: (Time is in decaauts)
 A = Elapsed time spent in this place.
 B = Non-inter-level travel time spent in this place.
 C = Inter-level travel time spent in this place.
 D = Time resting spent in this place.
 E = Time spent auto-exploring this place.
 F = Levels seen in this place.
 G = Mean time per level.
                   A        B        C        D        E       F      G
               +--------+--------+--------+--------+--------+-----+--------+
         Total |   8082 |   7791 |    291 |   2638 |   3790 |   8 | 1010.2 |
       Dungeon |   6409 |   6118 |    291 |   1689 |   3363 |   7 |  915.6 |
       Ossuary |   1673 |   1673 |      0 |    949 |    427 |   1 | 1673.0 |
               +--------+--------+--------+--------+--------+-----+--------+

Top non-repeatable levels by time:
 Ossuary: 1673 daAuts
     D:6: 1237 daAuts
     D:1: 1111 daAuts
     D:5: 1060 daAuts
     D:2: 1004 daAuts
     D:4: 953 daAuts
     D:3: 793 daAuts
     D:7: 248 daAuts
